 Dungeon Crawl Stone Soup version 0.31-a0-986-g5e6e4ef867 (webtiles) character file.

Game seed: 13191799086310500442

4040 sammy202020 the Protected (level 10, -1/91 HPs)
             Began as a Minotaur Fighter on Nov 22, 2023.
             Was an Initiate of Gozag.
             Slain by a two-headed ogre
             ... wielding a +0 giant club
              (11 damage)
             ... on level 9 of the Dungeon.
             The game lasted 00:11:10 (6351 turns).

sammy202020 the Protected (Minotaur Fighter)        Turns: 6351, Time: 00:11:10

Health: -1/91      AC:  8    Str: 28    XL:     10   Next: 4%
Magic:  9/9        EV:  8    Int: 12    God:    Gozag
Gold:   670        SH: 10    Dex:  9    Spells: 9/9 levels left

rFire   . . .        a - +1 flail (venom)
rCold   . . .        J - +0 kite shield
rNeg    . . .        u - +0 plate armour
rPois   +            (helmet restricted)
rElec   +            g - +0 cloak
rCorr   +            (no gloves)
SInv    .            (no boots)
Will    .....        k - amulet of regeneration Stlth
                     f - ring "Desosk" {rElec rPois rCorr Int+3 Stlth-}
HPRegen 1.15/turn    w - +6 ring of strength
MPRegen 0.11/turn

%: no passive effects
@: corroded, studying 2 skills
A: horns 2, retaliatory headbutt
a: Renounce Religion, Potion Petition, Call Merchant, Bribe Branch


You were on level 9 of the Dungeon.
You worshipped Gozag.
Gozag was pleased with you.
You visited 2 branches of the dungeon, and saw 10 of its levels.
You also visited: Ossuary.

You collected 731 gold pieces.
You paid 61 gold pieces to Gozag.

Inventory:

Hand Weapons
 a - a +1 flail of venom (weapon)
 x - a +3 mace
Missiles
 m - 5 boomerangs (quivered)
 p - 3 javelins
 I - a throwing net
Armour
 g - a +0 cloak (worn)
 u - a +0 plate armour (worn)
 J - a +0 kite shield (worn)
Jewellery
 f - the ring "Desosk" (left hand) {rElec rPois rCorr Int+3 Stlth-}
   (You acquired it on level 1 of the Dungeon)

   [ring of resist corrosion]

   Int+3:     It affects your intelligence (+3).
   rElec:     It insulates you from electricity.
   rPois:     It protects you from poison rCorr: It protects you from acid and
   corrosion.
   Stlth-:    It makes you less stealthy.
 j - a ring of fire
 k - an amulet of regeneration (around neck)
 q - a ring of resist corrosion
 w - a +6 ring of strength (right hand)
Wands
 c - a wand of quicksilver (8)
 r - a wand of flame (18)
 y - a wand of digging (7)
 B - a wand of iceblast (7)
 E - a wand of charming (8)
Scrolls
 h - 8 scrolls of teleportation
 i - a scroll of amnesia
 l - a scroll of blinking
 s - a scroll of immolation
 t - a scroll of brand weapon
 v - a scroll of vulnerability
 C - 2 scrolls of noise
 F - 2 scrolls of fear
 G - a scroll of identify
 H - a scroll of enchant weapon
Potions
 b - 2 potions of brilliance
 d - 2 potions of might
 e - 5 potions of lignification
 n - 3 potions of haste
 o - a potion of attraction
 z - a potion of enlightenment
 A - a potion of curing
 D - a potion of ambrosia


   Skills:
 * Level 9.0 Fighting
 * Level 9.1 Maces & Flails
 * Level 11.1 Armour
 + Level 5.3 Dodging
 * Level 8.9 Shields


You had 9 spell levels left.
You didn't know any spells.
Your spell library contained the following spells:

 Spells                   Type           Power      Damage    Failure   Level
 Blink                    Tloc           0%         N/A       100%        2
 Lesser Beckoning         Tloc           0%         N/A       100%        2
 Momentum Strike          Conj/Tloc      0%         3d8       100%        2
 Gell's Gravitas          Tloc           0%         N/A       100%        3
 Teleport Other           Tloc           0%         N/A       100%        3


Dungeon Overview and Level Annotations

Branches:
Dungeon (9/15)             Temple (1/1) D:5         Ossuary (visited)
   Lair: D:8-11         Orc: D:9-12

Altars:
Ashenzari
Cheibriados
Dithmenos
Elyvilon
Fedhas
Gozag
Hepliaklqana
Kikubaaqudgha
Makhleb
Nemelex Xobeh
Okawaru
Qazlal
Ru
Sif Muna
Trog
Uskayaw
Vehumet
Wu Jian
Xom
Yredelemnul
Zin
The Shining One

Shops:
D:1 ((


Innate Abilities, Weirdness & Mutations

You have a pair of horns on your head.
You reflexively headbutt those who attack you in melee.


Message History

The two-headed ogre is moderately wounded.
The two-headed ogre hits you with a +0 giant club!
The two-headed ogre barely misses you.
You sock the two-headed ogre!
Your headbutt misses the two-headed ogre.
The two-headed ogre is heavily wounded.
You block the two-headed ogre's attack. The two-headed ogre closely misses you.
You hit the two-headed ogre but do no damage.
The two-headed ogre looks as sick as possible!
The two-headed ogre is heavily wounded.
You hit the two-headed ogre.
The two-headed ogre looks as sick as possible!
The two-headed ogre is heavily wounded.
The two-headed ogre hits you with a +0 giant club!!
The two-headed ogre hits you with a +0 dire flail!
You hit the two-headed ogre.
The two-headed ogre looks as sick as possible!
Your headbutt misses the two-headed ogre.
The two-headed ogre is heavily wounded.
The two-headed ogre hits you but does no damage.
The two-headed ogre closely misses you.
You hit the two-headed ogre.
The two-headed ogre looks as sick as possible!
The two-headed ogre is severely wounded.
You hit the two-headed ogre but do no damage.
You headbutt the two-headed ogre.
The two-headed ogre is severely wounded.
You block the two-headed ogre's attack. x2
You hit the two-headed ogre.
The two-headed ogre is almost dead.
The two-headed ogre hits you with a +0 giant club!!
* * * LOW HITPOINT WARNING * * *
The two-headed ogre hits you with a +0 dire flail.
* * * LOW HITPOINT WARNING * * *
You feel better.
Okay, then.
You block the two-headed ogre's attack.
The two-headed ogre hits you with a +0 dire flail!
You die...
Your body crumbles into a pile of gold.

####+#######..
#####+###......O......
##.............@.......
................#+###..
................#
................#
.......<........#
#...............#
#.................
#.................
#........######...


You could see a two-headed ogre (extremely poisoned).

Vanquished Creatures
  Jeremiah (D:6)
  Grinder (D:6)
  Sigmund (D:3)
  A wraith (Ossuary)
  2 water moccasins
  An acid dragon (D:9)
  An orc warrior (D:7)
  An ice beast (D:6)
  3 black bears
  4 ogres
  A sky beast (D:7)
  3 centaurs
  Blork the orc (D:6)
  A phantom (D:6)
  A kobold brigand (D:6)
  5 bullfrogs
  A gnoll sergeant (D:8)
  3 scorpions
  3 killer bees (D:8)
  4 hounds
  A jelly (D:5)
  Crazy Yiuf (D:3)
  A gnoll bouda (D:8)
  5 orc priests
  7 iguanas
  An orc wizard (D:5)
  Natasha (D:2)
  2 mummies
  13 gnolls
  4 adders
  2 shadow imps
  A white imp (D:7)
  2 worms (D:2)
  3 dart slugs
  22 orcs
  9 ball pythons
  6 bats
  7 endoplasms
  4 giant cockroaches
  15 goblins
  6 hobgoblins
  3 jackals (D:1)
  9 kobolds
  5 quokkas
  5 frilled lizards
  7 gnoll skeletons (Ossuary)
  A goblin zombie (D:4)
  5 kobold skeletons (Ossuary)
  A kobold zombie (D:4)
  13 orc skeletons (Ossuary)
  7 rats
208 creatures vanquished.

Vanquished Creatures (others)
  An orc (D:7)
1 creature vanquished.

Grand Total: 209 creatures vanquished

Notes
Turn   | Place    | Note
-------+----------+-------------------------------------------
     0 | D:1      | sammy202020 the Minotaur Fighter began the quest for the
                  | Orb.
     0 | D:1      | Reached XP level 1. HP: 19/19 MP: 0/0
    14 | D:1      | Found Fuobb's Antique Weapon Shop.
    46 | D:1      | Found Syrgheg's Antique Weapon Boutique.
    55 | D:1      | Reached XP level 2. HP: 25/27 MP: 1/1
   499 | D:1      | Reached skill level 4 in Armour
   500 | D:1      | Reached XP level 3. HP: 22/33 MP: 2/2
   643 | D:1      | Identified a scroll of acquirement
   643 | D:1      | Acquired the ring "Desosk" {rElec rPois rCorr Int+3 Stlth-}
   779 | D:2      | Identified the +0 ring mail "Voboudo" {rPois rCorr Dex-4
                  | SInv}
   863 | D:2      | Found a faded altar of an unknown god.
   949 | D:2      | Noticed Natasha
   961 | D:2      | Killed Natasha
   962 | D:2      | Reached skill level 1 in Dodging
   962 | D:2      | Reached XP level 4. HP: 23/41 MP: 3/3
  1666 | D:3      | Reached XP level 5. HP: 28/47 MP: 4/4
  1969 | D:3      | Noticed Sigmund
  1979 | D:3      | Killed Sigmund
  1980 | D:3      | Reached skill level 5 in Fighting
  1980 | D:3      | Reached skill level 5 in Armour
  1980 | D:3      | Reached skill level 5 in Shields
  1980 | D:3      | Reached XP level 6. HP: 36/56 MP: 5/5
  2495 | D:3      | Found a runed translucent door.
  2496 | D:3      | Noticed Crazy Yiuf
  2504 | D:3      | Killed Crazy Yiuf
  2936 | D:4      | Found a radiant altar of Vehumet.
  2955 | D:4      | Reached XP level 7. HP: 61/62 MP: 6/6
  3023 | D:4      | Found a sand-covered staircase.
  3030 | Ossuary  | Entered an ossuary
  3030 | Ossuary  | Noticed a wraith
  3030 | Ossuary  | Noticed a wraith
  3030 | Ossuary  | Noticed a wraith
  3130 | Ossuary  | Noticed a wraith
  3146 | Ossuary  | Killed a wraith
  3147 | Ossuary  | Reached skill level 5 in Maces & Flails
  3147 | Ossuary  | Reached skill level 6 in Armour
  3224 | Ossuary  | Acquired a manual of Armour
  3296 | D:4      | Identified the +6 war axe of Cheese {speed, Stlth+}
  3765 | D:5      | Entered Level 5 of the Dungeon
  3818 | D:5      | Reached XP level 8. HP: 39/71 MP: 7/7
  3872 | D:5      | Reached skill level 7 in Armour
  4144 | D:5      | Found a staircase to the Ecumenical Temple.
  4213 | Temple   | Entered the Ecumenical Temple
  4228 | Temple   | Became a worshipper of Gozag Ym Sagoz the Greedy
  4317 | D:6      | Reached skill level 8 in Armour
  4375 | D:6      | Reached XP level 9. HP: 80/80 MP: 8/8
  4415 | D:6      | Reached skill level 9 in Armour
  4627 | D:6      | Noticed Jeremiah
  4638 | D:6      | Killed Jeremiah
  4650 | D:6      | Noticed Blork the orc
  4651 | D:6      | Noticed Grinder
  4656 | D:6      | Killed Blork the orc
  4660 | D:6      | Killed Grinder
  4714 | D:6      | Found a shimmering blue altar of Sif Muna.
  4755 | D:6      | Reached skill level 10 in Armour
  5409 | D:7      | Reached skill level 5 in Dodging
  5498 | D:7      | Found an ornate altar of the Wu Jian Council.
  5673 | D:8      | Reached skill level 11 in Armour
  5690 | D:8      | Reached XP level 10. HP: 91/91 MP: 9/9
  5833 | D:8      | Found a shimmering altar of Xom.
  6331 | D:9      | Noticed a two-headed ogre
  6349 | D:9      | HP: 1/91 [two-headed ogre/+0 giant club (6)]
  6351 | D:9      | Slain by a two-headed ogre

Illustrated notes

Levels and vault maps discovered:
D:1:      orjb1_clovarrival, layout_loops_cross, serial_shops,
          nicolae_shop_temple_entry_statues_fountains,
          nicolae_shop_gibbet_a_chance, hangedman_decor_growths,
          minmay_distorted
D:2:      layout_basic, chequers_ecumenical_altar_simple_redux,
          minmay_heptomino_d4, uniq_natasha
D:3:      cheibrodos_greedy_goblins, layout_loops_ring, chequers_avenue,
          uniq_sigmund, uniq_crazy_yiuf_cottage
D:4:      layout_basic, nicolae_vehumet_altar_sigil, serial_co_window_serial,
          co_window_paths_a, co_window_cross_1, co_window_cross_1,
          co_window_corner_a, co_window_of_opportunity_a, co_window_broadway_a,
          co_window_corner_b, co_window_2corner, co_window_sun, glass_columns_a,
          glass_columns_a, glass_columns_b, nicolae_ossuary_entry_giza
D:5:      layout_basic, minmay_temple_entry_sparse_star
D:6:      layout_rooms, nicolae_sif_muna_condensation, kennysheep_path_1,
          uniq_grinder, uniq_jeremiah, uniq_blork_the_orc
D:7:      layout_loops_ring, lemuel_doored_altar, minmay_manual_mess
D:8:      layout_loops_ring, kennysheep_mini_moat,
          nicolae_concentric_dashed_squares_mild
D:9:      layout_irregular_city, uniq_grum
Temple:   regret_index_temple_mists

Skill      XL: |  1  2  3  4  5  6  7  8  9 |
---------------+----------------------------+-----
Fighting       | 4 5 6 7 9 |  9.0
Shields        | 4 5 6 7 8 |  8.9
Armour         | 4 5 6 8 11 | 11.1
Maces & Flails | 3 4 5 6 9 |  9.1
Dodging        | 1 2 3 4 5 |  5.3

Action                     |  1- 3 |  4- 6 |  7- 9 | 10-12 || total
---------------------------+-------+-------+-------+-------++-------
  Melee: Flail             |    81 |   128 |   293 |    25 ||   527
         Headbutt          |     9 |    14 |    48 |     7 ||    78
  Throw: Boomerang         |       |     1 |       |       ||     1
    Use: Scroll            |     1 |     8 |    13 |       ||    22
         Potion            |       |       |     2 |     1 ||     3
   Stab: Distracted        |       |       |     1 |       ||     1
 Armour: Scale mail        |    56 |    73 |    81 |       ||   210
         Plate armour      |       |       |   121 |    20 ||   141
  Dodge: Dodged            |    38 |    44 |   127 |     8 ||   217
  Block: Buckler           |    30 |    26 |    97 |       ||   153
         Kite shield       |       |       |       |     9 ||     9

Table legend: (Time is in decaauts)
 A = Elapsed time spent in this place.
 B = Non-inter-level travel time spent in this place.
 C = Inter-level travel time spent in this place.
 D = Time resting spent in this place.
 E = Time spent auto-exploring this place.
 F = Levels seen in this place.
 G = Mean time per level.
                   A        B        C        D        E       F      G
               +--------+--------+--------+--------+--------+-----+--------+
         Total |   6456 |   6232 |    224 |      0 |   4731 |  11 |  586.9 |
       Dungeon |   6166 |   5942 |    224 |      0 |   4620 |   9 |  685.1 |
        Temple |     43 |     43 |      0 |      0 |      0 |   1 |   43.0 |
       Ossuary |    247 |    247 |      0 |      0 |    111 |   1 |  247.0 |
               +--------+--------+--------+--------+--------+-----+--------+

Top non-repeatable levels by time:
     D:3: 1040 daAuts
     D:4: 945 daAuts
     D:2: 921 daAuts
     D:8: 730 daAuts
     D:1: 693 daAuts
     D:7: 677 daAuts
     D:6: 618 daAuts
     D:5: 509 daAuts
 Ossuary: 247 daAuts
  Temple: 43 daAuts
     D:9: 31 daAuts
